 Dungeon Crawl Stone Soup version 0.19.0-2-gae57169 (webtiles) character file.

245 mistymad the Insei (level 6, -1/38 HPs)
             Began as an Octopode Transmuter on Nov 6, 2016.
             Slain by Grinder (5 damage)
             ... while paralysed by Grinder
             ... on level 3 of the Dungeon.
             The game lasted 00:05:06 (2630 turns).

mistymad the Insei (Octopode Transmuter)            Turns: 2630, Time: 00:05:06

Health: -1/38      AC:  1    Str:  9    XL:     6   Next: 10%
Magic:  11/11      EV:  2    Int: 18    God:
Gold:   82         SH:  0    Dex: 12    Spells: 3 memorised, 6 levels left

rFire  . . .     SeeInvis .       - Unarmed
rCold  . . .     Gourm    .     (no shield)
rNeg   . . .     Faith    .     (helmet restricted)
rPois  .         Spirit   .     (no amulet)
rElec  .         Reflect  .     (no ring)
rCorr  .         Harm     .     (no ring)
MR     .....                    (no ring)
Stlth  ++........               (no ring)
                                (no ring)
                                (no ring)
                                (no ring)
                                (no ring)

@: paralysed, appendage
A: almost no armour, stealthy swim, amphibious, 8 rings, constrict 8, tentacle
spike 3, camouflage 1, gelatinous body 1
a: End Transformation


You were on level 3 of the Dungeon.
You were not hungry.
One of your tentacles had a temporary spike.
You visited 1 branch of the dungeon, and saw 3 of its levels.

You collected 82 gold pieces.

Inventory:

Hand Weapons
 v - a +0 whip
Missiles
 a - 41 arrows
 o - a throwing net (quivered)
Jewellery
 m - an uncursed amulet of the gourmand {unknown}
Scrolls
 f - 2 scrolls of teleportation {unknown}
 i - a scroll of immolation {unknown}
 j - 3 scrolls of remove curse {unknown}
 k - a scroll of noise {unknown}
 n - a scroll of identify {unknown}
 p - a scroll of random uselessness {unknown}
 q - a scroll of fear {unknown}
 w - a scroll of enchant armour {unknown}
Potions
 e - a potion of cure mutation {unknown}
 g - a potion of heal wounds {unknown}
 r - a potion of lignification {unknown}
 s - a potion of curing {unknown}
 t - 2 potions of cancellation {unknown}
Books
 b - a book of Changes

   Spells                             Type                      Level
   a - Beastly Appendage              Transmutation                1
   b - Sticks to Snakes               Transmutation                2
   c - Spider Form                    Transmutation/Poison         3
   d - Ice Form                       Ice/Transmutation            4
   e - Blade Hands                    Transmutation                5
Comestibles
 c - 2 bread rations
 d - 3 fruits
 h - 3 meat rations
 l - a beef jerky
 u - 3 chunks of flesh


   Skills:
 - Level 1.0 Fighting
 - Level 2.0 Dodging
 + Level 4.4 Unarmed Combat
 + Level 3.6 Spellcasting
 + Level 3.8 Transmutations


You had 6 spell levels left.
You knew the following spells:

 Your Spells              Type           Power        Failure   Level  Hunger
a - Beastly Appendage     Tmut           ###...       3%          1    None
b - Spider Form           Tmut/Pois      ##........   24%         3    ###....
c - Sticks to Snakes      Tmut           ###.....     6%          2    ##.....


Dungeon Overview and Level Annotations

Branches:
Dungeon (3/15)

Altars:

Annotations:
D:3 Grinder


Innate Abilities, Weirdness & Mutations

You cannot wear most types of armour.
You are very stealthy in the water. (Stealth+)
You are amphibious.
You can wear up to eight rings at the same time.
You can use your tentacles to constrict eight enemies at once.
Your skin changes colour to match your surroundings (Stealth+).
Your rubbery body absorbs attacks. (AC +1, EV +1)
One of your tentacles bears a large vicious spike.


Message History

Grinder is lightly wounded.
You constrict Grinder. Grinder misses you.
You tentacle-slap Grinder.
You pierce Grinder.
Grinder is moderately wounded.
You constrict Grinder. You tentacle-slap Grinder.
You pierce Grinder.
Grinder is moderately wounded.
You constrict Grinder. Grinder closely misses you.
You tentacle-slap Grinder but do no damage.
Grinder is heavily wounded.
You constrict Grinder. Grinder gestures at you.
You suddenly lose the ability to move!
You lose your grip on Grinder.
Grinder says, "DUCK!"
Grinder hits you!
* * * LOW HITPOINT WARNING * * *
You writhe in agony.
* * * LOW HITPOINT WARNING * * *
Grinder hits you.
You die...

#....)..÷.. ...
+.......... #!.
#.(........ ..#
#.......... #.#
#.......... #.#
#..........
#######.###############+
......5.................
#@########........
#......#..........
#####.##.#........
#.............
#............#
###...........#
#....).......##
#............##
#..........÷.##


You could see Grinder.

Vanquished Creatures
  Sigmund (D:2)
  An adder (D:3)
  2 oozes
  3 worms
  3 dart slugs
  2 leopard geckos
  3 orcs (D:3)
  2 giant cockroaches (D:1)
  8 goblins
  5 hobgoblins (D:1)
  9 jackals
  6 kobolds
  6 bats
  4 frilled lizards
  8 rats
63 creatures vanquished.

Vanquished Creatures (collateral kills)
  A kobold (D:2)
1 creature vanquished.

Grand Total: 64 creatures vanquished

Notes
Turn   | Place    | Note
-------+----------+-------------------------------------------
     0 | D:1      | mistymad the Octopode Transmuter began the quest for the Orb.
     0 | D:1      | Reached XP level 1. HP: 13/13 MP: 3/3
   127 | D:1      | Reached XP level 2. HP: 18/18 MP: 3/5
   384 | D:1      | Reached XP level 3. HP: 13/23 MP: 6/6
  1130 | D:2      | Learned a level 3 spell: Spider Form
  1136 | D:2      | Learned a level 2 spell: Sticks to Snakes
  1607 | D:2      | Reached XP level 4. HP: 27/28 MP: 6/8
  1663 | D:2      | Noticed Sigmund
  1675 | D:2      | Killed Sigmund
  1675 | D:2      | Reached skill level 4 in Unarmed Combat
  1675 | D:2      | Reached XP level 5. HP: 6/33 MP: 7/10
  2166 | D:3      | Reached XP level 6. HP: 34/38 MP: 11/11
  2620 | D:3      | Noticed Grinder
  2628 | D:3      | Paralysed by Grinder for 2 turns
  2630 | D:3      | Slain by Grinder

Skill      XL: |  1  2  3  4 |
---------------+-------------+-----
Unarmed Combat | 4 |  4.4
Spellcasting   | 3 |  3.6
Transmutations | 3 |  3.8
Fighting       | |  1.0
Dodging        | |  2.0

Action                   |  1- 3 |  4- 6 || total
-------------------------+-------+-------++-------
Melee: Unarmed           |    92 |    60 ||   152
       Constrict         |    24 |    14 ||    38
       Kick              |    15 |    13 ||    28
       Tentacles         |    12 |     8 ||    20
       Punch             |     1 |     2 ||     3
 Cast: Beastly Appendage |    15 |     9 ||    24
       Spider Form       |       |     1 ||     1
       Sticks to Snakes  |       |     1 ||     1
 Stab: Sleeping          |     6 |     2 ||     8
  Eat: Chunk             |     2 |     4 ||     6
Armor: Skin              |    10 |     3 ||    13
Dodge: Dodged            |    64 |    33 ||    97
